 Dungeon Crawl Stone Soup version 0.22-a0-512-g0943f25 (webtiles) character file.

774 kae the Slasher (level 7, 0/62 HPs)
             Began as a Minotaur Fighter on June 18, 2018.
             Succumbed to an orc's poison
             ... on level 5 of the Dungeon.
             The game lasted 00:02:47 (3118 turns).

kae the Slasher (Minotaur Fighter)                  Turns: 3118, Time: 00:02:48

Health: 0/62       AC: 12    Str: 26    XL:     7   Next: 53%
Magic:  6/6        EV: 10    Int:  6    God:
Gold:   180        SH: 10    Dex: 12    Spells: 6/6 levels left

rFire    . . .     SeeInvis .   a - +0 long sword
rCold    . . .     Gourm    .   c - +0 shield
rNeg     . . .     Faith    .   b - +1 scale mail
rPois    .         Spirit   .   (helmet restricted)
rElec    .         Reflect  .   (no cloak)
rCorr    .         Harm     .   (no gloves)
MR       .....                  (no boots)
Stlth    ..........             (no amulet)
HPRegen  0.20/turn              (no ring)
MPRegen  0.10/turn              (no ring)

@: mighty, lethally poisoned (0 -> -1)
A: retaliatory headbutt, horns 2, icy blue scales 1, iridescent scales 1, agile
1
a: no special abilities


You were on level 5 of the Dungeon.
You were not hungry.

You visited 2 branches of the dungeon, and saw 6 of its levels.

You collected 180 gold pieces.

Inventory:

Hand Weapons
 a - a +0 long sword (weapon)
Armour
 b - a +1 scale mail (worn)
 c - a +0 shield (worn)
Wands
 i - a wand of scattershot (4)
Scrolls
 j - 2 scrolls of teleportation
 m - a scroll of remove curse
 q - a scroll of fear
Potions
 e - 3 potions of brilliance
 o - a potion of magic
Comestibles
 f - 6 rations
 h - a chunk of flesh


   Skills:
 + Level 5.7 Fighting
 * Level 6.8 Long Blades
 + Level 5.7 Armour
 + Level 3.9 Dodging
 - Level 3.6 Shields


You had 6 spell levels left.
You didn't know any spells.
Your spell library contained the following spells:

 Spells                   Type           Power        Failure   Level  Hunger
 Magic Dart               Conj           #...         99%         1    ##.....
 Iskenderun's Mystic Bla  Conj           #.......     100%        4    #####..
 Fulminant Prism          Conj/Hex       #.........   100%        4    #####..
 Dazzling Spray           Conj/Hex       #.....       100%        3    ####...
 Force Lance              Conj/Tloc      #.......     100%        4    #####..
 Searing Ray              Conj           #.....       100%        2    ###....


Dungeon Overview and Level Annotations

Branches:
Dungeon (5/15)             Temple (1/1) D:4

Altars:
Cheibriados
Elyvilon
Gozag
Hepliaklqana
Kikubaaqudgha
Nemelex Xobeh
Okawaru
Qazlal
Ru
Sif Muna
Trog
Uskayaw
Vehumet
Wu Jian
Xom
Zin
The Shining One


Innate Abilities, Weirdness & Mutations

You reflexively headbutt those who attack you in melee.
You have a pair of horns on your head.
You are partially covered in icy blue scales. (AC +2)
You are partially covered in iridescent scales. (AC +2)
You are agile. (Dex +2)


Message History

You block the jackal's attack.
The jackal moves out of view.
You closely miss the jackal. You block the jackal's attack.
You closely miss the jackal.
* * * LOW HITPOINT WARNING * * *
You feel sick.
The jackal bites you but does no damage.
You block the jackal's attack.
You slash the jackal!
You kill the jackal!
The jackal bites you but does no damage.
You slash the jackal!
You kill the jackal!
An orc comes into view.
You see here a jackal corpse.
* * * LOW HITPOINT WARNING * * *
You feel sick.
You see here a scroll of identify.
You see here a hand axe.
You open the door.
You die...

#.# #.# # #.# #....
.#.##.####### ...
........
####'###.......
#..$@o......... ..
#.............. '#
#.....?........ .#
#........##### .#
#.......†#########.#
#.........(<)......#
#...........)...)..#.
#..............(.....
#...............?).#.


You could see an orc.

Vanquished Creatures
  Grinder (D:4)
  An ogre (D:4)
  A centaur (D:5)
  A scorpion (D:4)
  A howler monkey (D:5)
  An orc priest (D:5)
  2 orc wizards
  2 iguanas (D:4)
  Robin (D:3)
  3 adders
  A howler monkey skeleton (D:4)
  An ooze (D:1)
  7 worms
  A dart slug (D:2)
  A leopard gecko (D:2)
  18 orcs
  10 bats
  4 giant cockroaches
  19 goblins
  12 hobgoblins
  4 jackals
  6 kobolds
  2 quokkas
  3 ball pythons
  7 frilled lizards
  4 rats
114 creatures vanquished.

Notes
Turn   | Place    | Note
-------+----------+-------------------------------------------
     0 | D:1      | kae the Minotaur Fighter began the quest for the Orb.
     0 | D:1      | Reached XP level 1. HP: 19/19 MP: 0/0
    83 | D:1      | Reached XP level 2. HP: 23/27 MP: 1/1
   106 | D:1      | Reached skill level 3 in Long Blades
   339 | D:1      | Reached skill level 1 in Dodging
   473 | D:2      | Reached XP level 3. HP: 30/33 MP: 2/2
  1057 | D:2      | Reached XP level 4. HP: 40/40 MP: 3/3
  1208 | D:3      | Reached skill level 4 in Long Blades
  1383 | D:3      | Noticed Robin
  1412 | D:3      | Killed Robin
  1707 | D:3      | Reached XP level 5. HP: 47/47 MP: 4/4
  2386 | D:4      | Noticed an ogre
  2395 | D:4      | Killed an ogre
  2395 | D:4      | Reached skill level 5 in Long Blades
  2395 | D:4      | Reached XP level 6. HP: 55/55 MP: 5/5
  2424 | D:4      | Reached skill level 5 in Fighting
  2424 | D:4      | Reached skill level 5 in Armour
  2540 | D:4      | Found an iron altar of Okawaru.
  2610 | D:4      | Found a staircase to the Ecumenical Temple.
  2629 | Temple   | Entered the Ecumenical Temple
  2852 | D:4      | Noticed Grinder
  2860 | D:4      | Killed Grinder
  2860 | D:4      | Reached skill level 6 in Long Blades
  2860 | D:4      | Reached XP level 7. HP: 42/61 MP: 6/6
  3055 | D:5      | Entered Level 5 of the Dungeon
  3101 | D:5      | HP: 3/62 [orc priest/short sword (2)]
  3105 | D:5      | Gained mutation: You are partially covered in iridescent scales. (AC +2) [potion of mutation]
  3105 | D:5      | Gained mutation: You are partially covered in icy blue scales. (AC +2) [potion of mutation]
  3105 | D:5      | Gained mutation: You are agile. (Dex +2) [potion of mutation]
  3107 | D:5      | HP: 1/62 [poisoned by an orc]
  3114 | D:5      | HP: 1/62 [poisoned by an orc]
  3118 | D:5      | Succumbed to an orc's poison

Vault maps used:
D:1:      nicolae_arrival_memento_mori
D:3:      first_ration, uniq_robin
D:4:      minmay_temple_entry_mist, serial_bayou_pond_b, okawaru_gym_becter,
          uniq_grinder
D:5:      gammafunk_temple_overflow_forgotten,
          gammafunk_temple_overflow_elements,
          lightli_ossuary_entry_decrepit_ruins, uniq_pikel
Temple:   minmay_crystal_spiral_temple

Skill      XL: |  1  2  3  4  5  6 |
---------------+-------------------+-----
Long Blades    | 3 4 5 6 |  6.8
Dodging        | 1 2 3 |  3.9
Fighting       | 4 5 |  5.7
Armour         | 4 5 |  5.7
Shields        | |  3.6

Action                   |  1- 3 |  4- 6 |  7- 9 || total
-------------------------+-------+-------+-------++-------
Melee: Long sword        |   134 |   136 |    30 ||   300
       Headbutt          |    17 |    23 |     5 ||    45
Evoke: Wand              |       |     2 |       ||     2
  Use: Scroll            |       |     3 |     7 ||    10
       Potion            |       |       |     3 ||     3
  Eat: Chunk             |     1 |     5 |     2 ||     8
Armor: Scale mail        |    55 |    58 |    13 ||   126
Dodge: Dodged            |    37 |    47 |    10 ||    94
Block: Shield            |    72 |    87 |    20 ||   179
       Rpst.: Long sword |     7 |    14 |     1 ||    22

Table legend:
 A = Spawn XP
 B = Non-spawn XP
 C = Spawn XP percentage of total XP
 D = Spawn monster count
 E = Non-spawn monster count
 F = Spawn count percentage of total count
 G = Total turns spent on level
                    A         B        C        D         E        F      G
               +---------+---------+-------+---------+---------+-------+---------
         Total |       0 |    1106 |   0.0 |       0 |     114 |   0.0 |  3118
               +---------+---------+-------+---------+---------+-------+---------
           D:1 |       0 |      35 |   0.0 |       0 |      18 |   0.0 |   464
           D:2 |       0 |      67 |   0.0 |       0 |      32 |   0.0 |   683
           D:3 |       0 |      98 |   0.0 |       0 |      34 |   0.0 |  1017
           D:4 |       0 |     642 |   0.0 |       0 |      21 |   0.0 |   722
           D:5 |       0 |     264 |   0.0 |       0 |       9 |   0.0 |    63
               +---------+---------+-------+---------+---------+-------+---------
